Map: Acid Plant LE

Players

Ryung

  • Race: Terran Terran
  • League: Master
  • Spawn Location: 11:00

Leenock - Winner!

  • Race: Zerg Zerg
  • League: Grandmaster
  • Spawn Location: 5:00

Event: Memes & Dreams Invitational

VOD

Have the link to the VOD?

Description

Time

  • Played on: April 14, 2018, 4:57 a.m.
  • Length: 10:49

All games in this series

Show
View Real Time Build Order
Export as new Build Order

Ryung Terran 

Build Orders: Reaper Expand, Hellion Banshee 

Get SALT Encoding   

  12  0:01  SCV  
  13  0:13  SCV  
  14  0:17  Supply Depot  
  14  0:25  SCV  
  15  0:38  SCV  
  15  0:39  Barracks  
  16  0:43  Refinery  
  16  0:50  SCV  
  17  1:03  SCV  
  18  1:15  SCV  
  19  1:26  Reaper  
  19  1:27  Orbital Command  
  20  1:41  Command Center  
  20  1:52  Supply Depot  
  20  1:53  SCV  
  21  1:58  Marine  
  22  2:05  SCV  
  23  2:09  Factory  
  23  2:17  SCV  
  23  2:21  Barracks Reactor  
  24  2:29  SCV  
  25  2:41  SCV  
  25  2:43  Command Center  
  26  2:53  SCV  
  26  2:54  Orbital Command  
  27  3:03  Starport  
  27  3:08  Refinery  
  27  3:09  SCV  
  28  3:14  Hellion  
  30  3:20  Hellion  
  30  3:23  SCV  
  30  3:24  SCV  
  30  3:26  Barracks Tech Lab  
  34  3:35  SCV  
  34  3:36  Hellion, SCV  
  38  3:42  Hellion  
  40  3:49  SCV x2  
  40  3:53  Banshee  
  40  3:55  Orbital Command  
  45  4:01  Hellion  
  47  4:03  Hellion  
  47  4:04  SCV  
  47  4:05  SCV  
  51  4:11  Refinery x2  
  51  4:16  SCV  
  53  4:17  SCV  
  53  4:22  Supply Depot, SCV  
  54  4:25  Hellion  
  54  4:27  Supply Depot  
  54  4:29  Hellion  
  58  4:31  SCV  
  58  4:32  SCV  
  60  4:39  Barracks Tech Lab  
  60  4:44  Raven, Armory  
  62  4:48  SCV x2  
  63  4:53  Supply Depot  
  63  4:54  Supply Depot  
  63  5:00  Orbital Command  
  63  5:03  SCV x2  
  65  5:09  Factory  
  65  5:10  Factory  
  65  5:11  Hellion x2  
  69  5:17  SCV x2  
  71  5:21  Supply Depot  
  71  5:26  SCV  
  72  5:29  SCV x2  
  72  5:33  Terran Vehicle Weapons Level 1  
  72  5:35  Hellion x2  
  78  5:41  Starport Reactor  
  78  5:54  SCV x2  
  77  5:58  Hellion x8  
  77  5:59  Hellion  
  67  6:05  Orbital Command  
  67  6:06  SCV x2  
  55  6:18  SCV x2  
  55  6:20  Cyclone  
  55  6:22  Cyclone  
  59  6:30  SCV x2  
  63  6:32  Cyclone  
  63  6:34  SCV  
  64  6:42  SCV x2  
  64  6:47  SCV  
  67  6:48  Cyclone  
  67  6:52  Cyclone  
  71  6:54  SCV  
  71  6:55  SCV  
  72  7:06  SCV, Cyclone  
  72  7:07  SCV, Cyclone  
  75  7:16  Orbital Command  
  75  7:18  Supply Depot  
  75  7:19  SCV x2  
  75  7:20  Supply Depot, Cyclone  
  67  7:30  Cyclone  
  66  7:38  SCV x2  
  66  7:40  Cyclone  
  66  7:41  SCV  
  66  7:43  Cyclone  
  75  7:47  Liberator  
  75  7:50  SCV  
  75  7:51  SCV  
  77  7:52  Cyclone  
  77  7:53  SCV  
  81  8:03  SCV x2  
  87  8:05  SCV  
  87  8:07  Supply Depot  
  87  8:09  Supply Depot  
  87  8:15  SCV  
  85  8:25  SCV x2  
  85  8:26  Refinery  
  82  8:27  SCV  
  82  8:28  Siege Tank x2, Refinery  
  82  8:29  Hellion x2  
  89  8:37  SCV x2  
  89  8:39  SCV  
  89  8:40  Supply Depot  
  92  8:49  SCV x2  
  92  8:51  SCV  
  92  8:54  Hellion x2  
  99  9:01  Siege Tank, SCV x2  
  88  9:03  SCV  
  77  9:13  SCV  
  77  9:15  Siege Tank, SCV  
  76  9:25  SCV, Cyclone x2  
  76  9:27  SCV  
  84  9:34  Cyclone  
  84  9:37  SCV  
  88  9:39  SCV  
  89  9:47  Cyclone  
  89  9:49  SCV  
  89  9:50  Refinery  
  89  9:51  SCV, Refinery  
  94  10:01  SCV, Cyclone x2  
  94  10:03  SCV  
  96  10:07  Cyclone  
  96  10:13  SCV  
  88  10:16  SCV  
  78  10:26  SCV  
  78  10:28  SCV  
Show
View Real Time Build Order
Export as new Build Order

Leenock Zerg - Winner!

Build Orders: Hatch First, Roach Nydus 

Get SALT Encoding   

  12  0:00  Drone  
  13  0:12  Overlord  
  13  0:16  Drone  
  14  0:30  Drone  
  14  0:31  Drone  
  14  0:35  Drone  
  17  0:51  Hatchery  
  17  0:54  Drone  
  17  0:58  Drone  
  18  1:05  Extractor  
  17  1:13  Spawning Pool  
  17  1:16  Drone  
  17  1:19  Drone  
  18  1:27  Drone  
  19  1:38  Drone  
  20  1:49  Overlord  
  20  2:00  Queen  
  22  2:03  Zergling x2, Queen  
  22  2:04  Zergling x2  
  22  2:06  Metabolic Boost  
  26  2:11  Drone  
  26  2:14  Drone  
  28  2:21  Drone  
  29  2:25  Drone  
  30  2:34  Drone  
  30  2:36  Queen  
  32  2:38  Queen  
  32  2:43  Drone, Overlord  
  35  2:47  Overlord  
  35  3:02  Drone  
  35  3:03  Drone  
  35  3:04  Drone  
  38  3:07  Drone  
  38  3:11  Drone x6  
  45  3:16  Drone  
  46  3:22  Drone  
  47  3:28  Hatchery  
  47  3:33  Queen  
  48  3:40  Evolution Chamber, Overlord  
  47  3:41  Drone  
  47  3:42  Drone  
  49  3:49  Drone x2, Roach Warren  
  49  3:51  Drone  
  49  3:55  Overlord  
  51  3:57  Extractor  
  51  3:59  Extractor  
  51  4:01  Lair  
  49  4:03  Drone  
  49  4:09  Drone  
  51  4:14  Drone  
  51  4:15  Spore Crawler  
  51  4:17  Spore Crawler, Zergling x6  
  53  4:18  Zergling x2  
  53  4:21  Drone x2  
  53  4:23  Drone  
  57  4:32  Roach x3  
  57  4:35  Overlord  
  63  4:41  Overlord  
  63  4:51  Overlord  
  63  4:54  Roach  
  63  4:55  Roach x4  
  73  5:00  Nydus Network  
  73  5:06  Drone  
  73  5:11  Glial Reconstitution  
  73  5:13  Roach  
  75  5:14  Roach  
  75  5:19  Roach  
  75  5:20  Roach  
  81  5:23  Roach  
  81  5:25  Zergling x2  
  81  5:26  Zergling x8  
  88  5:36  Nydus Canal  
  88  5:39  Roach  
  88  5:42  Drone x7  
  97  5:59  Roach  
  97  6:00  Roach x2  
  97  6:03  Roach x3  
  95  6:07  Roach x3  
  85  6:15  Drone x5  
  88  6:23  Roach x2  
  88  6:28  Roach x2  
  88  6:32  Overlord  
  91  6:38  Nydus Canal  
  91  6:39  Drone x2  
  93  6:43  Drone  
  93  6:44  Queen  
  96  6:49  Overlord  
  96  6:53  Ravager x2  
  96  6:55  Drone x2  
  96  6:57  Drone  
  96  6:58  Drone x2  
  101  7:02  Drone x3  
  101  7:07  Drone  
  101  7:08  Evolution Chamber  
  104  7:09  Extractor  
  104  7:10  Extractor  
  104  7:13  Drone x2  
  104  7:17  Extractor  
  104  7:20  Hatchery  
  99  7:25  Roach  
  99  7:26  Overlord, Roach x2  
  99  7:27  Overlord x3  
  99  7:29  Zerg Missile Weapons Level 1  
  105  7:34  Roach  
  105  7:38  Overlord x2  
  105  7:42  Zerg Ground Armor Level 1  
  105  7:56  Roach x8  
  105  7:57  Overlord x2  
  121  8:01  Queen  
  124  8:05  Ravager  
  124  8:07  Ravager  
  124  8:08  Roach x2  
  124  8:10  Roach  
  123  8:23  Roach x9  
  137  8:28  Roach  
  137  8:32  Drone  
  137  8:33  Drone  
  137  8:34  Drone  
  142  8:35  Drone x3  
  142  8:36  Overlord  
  142  8:38  Overseer  
  142  8:40  Tunneling Claws  
  145  8:44  Drone x3, Burrow  
  148  8:48  Ravager  
  148  8:49  Overlord  
  148  8:50  Drone x6  
  148  8:53  Extractor  
  148  8:54  Drone, Extractor  
  130  9:24  Nydus Canal  
  130  9:31  Drone x4  
  131  9:36  Hatchery  
  133  9:40  Drone x2  
  135  9:47  Infestation Pit  
  135  9:50  Spore Crawler  
  133  9:53  Roach  
  133  9:54  Roach x12  
  133  9:56  Nydus Canal  
  155  10:09  Overlord, Roach  
  155  10:10  Roach  
  155  10:13  Roach  
  148  10:16  Nydus Canal  
  148  10:19  Roach  
  148  10:20  Roach x5  
  158  10:23  Roach  
  158  10:24  Roach x6  
  158  10:25  Roach  
  158  10:28  Roach x2  
Tags
 
Add a new tag
Caveats
  • Supply blocks, unpowered buildings, or Contaminate may cause inaccurate times.
  • Supply counts are checked every 10 seconds.